Sharks vs RedWings

Created - Friday, March 27, 2015 at 01:58

Goals
1 2 3 T
Sharks 0 3 0 3
RedWings 0 1 1 2
Shots
1 2 3 T
Sharks 11 13 4 28
RedWings 6 15 9 30

1st period

No Goal

Penalties :
Richard Panik (SJ ) for Roughing (Minor) at 3:44, Johnny Boychuk (Det) for Roughing (Minor) at 4:40, Justin Abdelkader (Det) for High sticking (Minor) at 5:02

2nd period

1. Sharks , Brian Gionta 19 (Brad Richards) at 0:10
2. Sharks , Jayson Megna 1 (Ian Cole, Luca Sbisa) at 4:46
3. RedWings , Justin Abdelkader 11 (David Moss) at 9:06
4. Sharks , Curtis Glencross 23 (Olli Jokinen, Mike Weber) at 15:51

Penalties :
Maxim Lapierre (SJ ) for Goalie Interference (Minor) at 2:16, Maxim Lapierre (SJ ) for Holding (Minor) at 10:21, Justin Abdelkader (Det) for Hooking (Minor) at 10:27, Zac Rinaldo (Det) for High sticking (Minor) at 12:16

3rd period

5. RedWings , Chris VandeVelde 3 (Devante Smith-Pelly, John-Michael Liles) at 7:04

Penalties :
Nicklas Grossmann (SJ ) for Holding Stick (Minor) at 1:14, Matt Hendricks (SJ ) for Hooking (Minor) at 4:22, Maxim Lapierre (SJ ) for Hooking (Minor) at 7:12, Mike Angelidis (Det) for Slashing (Minor) at 9:54

Goalie Stats

Jonathan Quick (SJ ), 28 saves from 30 shots - (0.933), W, 38-17-6, 60:00 minutes
Jhonas Enroth (Det), 25 saves from 28 shots - (0.893), L, 1-7-0, 59:05 minutes

Players Stats for Sharks

Player Name              G  A  P  +/- PIM S  H  SB GA TA FO     MP     PP MP  PK MP  
------------------------------------------------------------------------------------
Alexandre Bolduc         0  0  0   0  0   2  1  0  0  0  0/0     7:12   0:00   0:00 
Andy Andreoff            0  0  0   0  0   0  0  0  0  0  0/0     0:00   0:00   0:00 
Bobby Farnham            0  0  0   0  0   0  0  0  0  0  3/6     7:12   0:00   0:00 
Brad Richards            0  1  1   1  0   1  0  0  1  2  17/24  21:54   1:14   6:57 
Brian Gionta             1  0  1   1  0   2  1  1  1  0  0/2    20:43   2:39   2:01 
Curtis Glencross         1  0  1   0  0   3  0  0  3  0  0/1    13:34   2:19   0:00 
Dion Phaneuf             0  0  0   0  0   8  4  2  0  2  0/0    29:06   2:07   6:11 
Ian Cole                 0  1  1  -1  0   1  0  1  0  2  0/0    11:08   0:00   0:00 
Jayson Megna             1  0  1   0  0   2  1  0  1  0  0/0    13:53   0:00   0:00 
Luca Sbisa               0  1  1  -1  0   0  4  2  0  1  0/0    22:03   3:05   5:52 
Mark Fistric             0  0  0   1  0   0  4  2  0  5  0/0    18:34   1:02   1:00 
Matt Hendricks           0  0  0   0  2   1  1  0  0  2  0/0    13:54   2:19   0:00 
Maxim Lapierre           0  0  0   0  6   1  2  2  0  0  7/10   15:33   1:54   0:00 
Mike Weber               0  1  1   2  0   2  4  2  0  4  0/0    20:58   3:05   2:47 
Nicklas Grossmann        0  0  0   1  2   2  0  1  1  0  0/0    18:26   1:05   2:06 
Olli Jokinen             0  1  1   0  0   1  2  0  0  1  5/5    22:41   1:24   6:57 
Richard Panik            0  0  0   0  2   1  2  1  3  0  0/0    14:49   1:08   0:00 
Vincent Lecavalier       0  0  0   1  0   1  1  0  1  0  0/1    16:15   2:39   2:01 

Players Stats for RedWings

Player Name              G  A  P  +/- PIM S  H  SB GA TA FO     MP     PP MP  PK MP  
------------------------------------------------------------------------------------
Alexei Emelin            0  0  0  -2  0   2  2  0  0  1  0/0    25:59   5:49   3:06 
Beau Bennett             0  0  0   0  0   2  0  0  5  0  0/2    12:07   0:00   2:46 
Bryan Bickell            0  0  0  -1  0   2  1  1  3  0  0/3    16:24   4:33   0:00 
Chris VandeVelde         1  0  1   0  0   2  0  0  0  0  4/6    10:02   0:00   0:00 
Damien Brunner           0  0  0  -1  0   3  0  1  4  1  0/0    16:24   4:33   0:00 
David Moss               0  1  1   0  0   3  0  0  1  0  1/2    20:35   4:25   2:42 
Devante Smith-Pelly      0  1  1   0  0   1  2  0  2  0  1/2    11:05   0:00   0:00 
Jannik Hansen            0  0  0   0  0   1  1  0  4  0  0/0    15:21   4:25   0:00 
Jason Demers             0  0  0   0  0   0  1  1  2  1  0/0    21:12   3:09   2:51 
Jesse Joensuu            0  0  0   0  0   3  0  0  1  1  0/0    10:12   0:00   0:52 
John-Michael Liles       0  1  1   0  0   1  1  0  0  3  0/0    21:12   3:09   2:51 
Johnny Boychuk           0  0  0  -2  2   3  3  2  1  1  0/0    25:14   5:48   2:22 
Justin Abdelkader        1  0  1   0  4   3  1  0  6  0  2/12   19:21   4:24   2:56 
Mike Angelidis           0  0  0   0  2   0  1  0  0  0  5/10    9:07   0:00   0:00 
Nick Leddy               0  0  0   1  0   1  1  0  0  0  0/0    12:48   0:00   0:00 
Paul Postma              0  0  0   1  0   0  2  0  0  0  0/0    13:49   0:00   1:01 
Zac Rinaldo              0  0  0   0  2   3  6  0  0  0  0/0    11:26   0:00   0:00 
Zenon Konopka            0  0  0  -1  0   0  1  0  0  1  4/12   17:37   4:33   0:34 

3 Stars

1 - Mike Weber (SJ )
2 - Brian Gionta (SJ )
3 - Jayson Megna (SJ )

Power Play

Sharks - 0 on 5 Attempt(s) - 0.00%
RedWings - 0 on 6 Attempt(s) - 0.00%

Penalty Kill

Sharks - 6 on 6 Attempt(s) - 100.00% - Score 0 goal in Penalty Kill
RedWings - 5 on 5 Attempt(s) - 100.00% - Score 0 goal in Penalty Kill

Team Stat

Sharks - Hits : 27 - Faceoff Wins : 32 - Blocked Shots : 14 - Penalty Minutes : 12
RedWings - Hits : 23 - Faceoff Wins : 17 - Blocked Shots : 5 - Penalty Minutes : 10

Official

Referees : Unknown
Linesman : Unknown

Game Notes

Nicklas Grossmann is injured at 3:32 of 3rd period (Strained Right Elbow)
7:04 of 3rd period - RedWings goal is going for a video replay. After video review, Goal.

Finance

Level 1 -- Attendance: 4435 (73.92%) -- Ticket Income $443,500
Level 2 -- Attendance: 3948 (78.96%) -- Ticket Income $236,880
Level 3 -- Attendance: 1743 (87.15%) -- Ticket Income $52,290
Level 4 -- Attendance: 3071 (76.78%) -- Ticket Income $61,420
Luxury Box -- Attendance: 1000 (100.00%) -- Ticket Income $170,000
Game was played at the Joe Louis Arena'
Total Attendance: 14197 (78.87%)
Total Ticket Income: $964,090
Other Income: $472,404
Total Income: $1,436,494

Sharks

5 vs 5 Forward 
   Center                   Left Wing                Right Wing               Time % Phy DF OF 
 1 Brad Richards            Vincent Lecavalier       Brian Gionta             35     0   2  3  
 2 Olli Jokinen             Curtis Glencross         Matt Hendricks           30     2   2  1  
 3 Maxim Lapierre           Richard Panik            Jayson Megna             22     2   3  0  
 4 Bobby Farnham            Alexandre Bolduc         Brian Gionta             13     2   2  1  

5 vs 5 Defense 
   Defense                  Defense                                           Time % Phy DF OF 
 1 Dion Phaneuf             Nicklas Grossmann                                 35     2   3  0  
 2 Mark Fistric             Mike Weber                                        30     2   2  1  
 3 Ian Cole                 Luca Sbisa                                        22     3   2  0  
 4 Dion Phaneuf             Nicklas Grossmann                                 13     1   2  2  

PowerPlay Forward 
   Center                   Left Wing                Right Wing               Time % Phy DF OF 
 1 Brad Richards            Vincent Lecavalier       Brian Gionta             60     0   1  4  
 2 Olli Jokinen             Curtis Glencross         Matt Hendricks           40     1   1  3  

PowerPlay Defense
   Defense                  Defense                                           Time % Phy DF OF 
 1 Dion Phaneuf             Nicklas Grossmann                                 60     1   1  3  
 2 Luca Sbisa               Mike Weber                                        40     1   1  3  

Penalty Kill 4 Players Forward 
   Center                   Wing                     Time % Phy DF OF 
 1 Brad Richards            Olli Jokinen             60     1   2  2  
 2 Vincent Lecavalier       Brian Gionta             40     1   2  2  

Penalty Kill 4 Players Defense
   Defense                  Defense                  Time % Phy DF OF 
 1 Dion Phaneuf             Nicklas Grossmann        60     1   2  2  
 2 Luca Sbisa               Mike Weber               40     1   2  2  

Penalty Kill - 3 Players Forward 
   Forward                                           Time % Phy DF OF 
 1 Brad Richards                                     60     1   2  2  
 2 Olli Jokinen                                      40     1   2  2  

Penalty Kill - 3 Players Defense
   Defense                  Defense                  Time % Phy DF OF 
 1 Dion Phaneuf             Nicklas Grossmann        60     1   2  2  
 2 Mark Fistric             Mike Weber               40     1   2  2  

4 vs 4 Forward 
   Center                   Wing                     Time % Phy DF OF 
 1 Brad Richards            Olli Jokinen             60     1   2  2  
 2 Vincent Lecavalier       Brian Gionta             40     1   2  2  

4 vs 4 Defense
   Defense                  Defense                  Time % Phy DF OF 
 1 Dion Phaneuf             Nicklas Grossmann        60     1   2  2  
 2 Luca Sbisa               Mike Weber               40     1   2  2  

Last Minutes Offensive
   Center                   Left Wing                Right Wing               Defense                  Defense                  
   Brad Richards            Vincent Lecavalier       Brian Gionta             Dion Phaneuf             Nicklas Grossmann        

Last Minutes Defensive
   Center                   Left Wing                Right Wing               Defense                  Defense                  
   Brad Richards            Vincent Lecavalier       Brian Gionta             Dion Phaneuf             Nicklas Grossmann        

Goaltenders
Starting : Jonathan Quick           
Backup : Antti Raanta             

Extra Forwards
Normal : Maxim Lapierre, Richard Panik, Jayson Megna - PP : Maxim Lapierre, Richard Panik - PK : Jayson Megna
Extra Defensemen
Normal : Nicklas Grossmann, Luca Sbisa, Dion Phaneuf - PP : Nicklas Grossmann - PK : Luca Sbisa, Dion Phaneuf
Penalty Shots
Brad Richards, Olli Jokinen, Vincent Lecavalier, Brian Gionta, Curtis Glencross

RedWings

5 vs 5 Forward 
   Center                   Left Wing                Right Wing               Time % Phy DF OF 
 1 Justin Abdelkader        Jannik Hansen            David Moss               30     1   2  2  
 2 Zenon Konopka            Bryan Bickell            Damien Brunner           30     1   2  2  
 3 Chris VandeVelde         Devante Smith-Pelly      Zac Rinaldo              22     1   2  2  
 4 Mike Angelidis           Beau Bennett             Jesse Joensuu            18     1   2  2  

5 vs 5 Defense 
   Defense                  Defense                                           Time % Phy DF OF 
 1 Johnny Boychuk           Alexei Emelin                                     35     1   2  2  
 2 Jason Demers             John-Michael Liles                                30     1   2  2  
 3 Nick Leddy               Paul Postma                                       22     1   2  2  
 4 Johnny Boychuk           Alexei Emelin                                     13     1   2  2  

PowerPlay Forward 
   Center                   Left Wing                Right Wing               Time % Phy DF OF 
 1 Justin Abdelkader        Jannik Hansen            David Moss               60     1   2  2  
 2 Zenon Konopka            Bryan Bickell            Damien Brunner           40     1   2  2  

PowerPlay Defense
   Defense                  Defense                                           Time % Phy DF OF 
 1 Johnny Boychuk           Alexei Emelin                                     60     1   2  2  
 2 Jason Demers             John-Michael Liles                                40     1   2  2  

Penalty Kill 4 Players Forward 
   Center                   Wing                     Time % Phy DF OF 
 1 Justin Abdelkader        David Moss               60     1   2  2  
 2 Jannik Hansen            Bryan Bickell            40     1   2  2  

Penalty Kill 4 Players Defense
   Defense                  Defense                  Time % Phy DF OF 
 1 Johnny Boychuk           Alexei Emelin            60     1   2  2  
 2 Jason Demers             John-Michael Liles       40     1   2  2  

Penalty Kill - 3 Players Forward 
   Forward                                           Time % Phy DF OF 
 1 Justin Abdelkader                                 60     1   2  2  
 2 David Moss                                        40     1   2  2  

Penalty Kill - 3 Players Defense
   Defense                  Defense                  Time % Phy DF OF 
 1 Johnny Boychuk           Alexei Emelin            60     1   2  2  
 2 Jason Demers             John-Michael Liles       40     1   2  2  

4 vs 4 Forward 
   Center                   Wing                     Time % Phy DF OF 
 1 Justin Abdelkader        David Moss               60     1   2  2  
 2 Jannik Hansen            Bryan Bickell            40     1   2  2  

4 vs 4 Defense
   Defense                  Defense                  Time % Phy DF OF 
 1 Johnny Boychuk           Alexei Emelin            60     1   2  2  
 2 Jason Demers             John-Michael Liles       40     1   2  2  

Last Minutes Offensive
   Center                   Left Wing                Right Wing               Defense                  Defense                  
   Justin Abdelkader        Jannik Hansen            David Moss               Johnny Boychuk           Alexei Emelin            

Last Minutes Defensive
   Center                   Left Wing                Right Wing               Defense                  Defense                  
   Justin Abdelkader        Jannik Hansen            David Moss               Johnny Boychuk           Alexei Emelin            

Goaltenders
Starting : Jhonas Enroth            
Backup : Jonas Hiller             

Extra Forwards
Normal : Devante Smith-Pelly, Zac Rinaldo, Beau Bennett - PP : Devante Smith-Pelly, Zac Rinaldo - PK : Beau Bennett
Extra Defensemen
Normal : Nick Leddy, Paul Postma, Jason Demers - PP : Nick Leddy - PK : Paul Postma, Jason Demers
Penalty Shots
Justin Abdelkader, David Moss, Jannik Hansen, Bryan Bickell, Damien Brunner

% Time on Ice - Sharks

Lines # - Real PCT - Wanted PCT - Time Play
Normal Forward
1 - 26% - 35% - 11:09
2 - 28% - 30% - 11:55
3 - 29% - 22% - 12:21
4 - 17% - 13% - 7:12
Normal Defense
1 - 43% - 35% - 18:30
2 - 28% - 30% - 11:48
3 - 23% - 22% - 9:55
4 - 6% - 13% - 2:24
PP Forward
1 - 49% - 60% - 2:33
2 - 51% - 40% - 2:39
PP Defense
1 - 41% - 60% - 2:07
2 - 59% - 40% - 3:05
PK Forward
1 - 78% - 60% - 6:57
2 - 22% - 40% - 2:01
PK Defense
1 - 69% - 60% - 6:11
2 - 31% - 40% - 2:47
PK3 Forward
1 - 0% - 60%
2 - 0% - 40%
PK3 Defense
1 - 0% - 60%
2 - 0% - 40%
44 Forward
1 - 88% - 60% - 2:34
2 - 13% - 40% - 0:22
44 Defense
1 - 70% - 60% - 2:04
2 - 30% - 40% - 0:52
Last Minute Offensive  - 0:00
Last Minute Defensive  - 0:17
Total
Forward - 60:00
Defense - 60:00

% Time on Ice - RedWings

Lines # - Real PCT - Wanted PCT - Time Play
Normal Forward
1 - 28% - 30% - 11:54
2 - 28% - 30% - 11:51
3 - 24% - 22% - 10:03
4 - 20% - 18% - 8:41
Normal Defense
1 - 34% - 35% - 14:19
2 - 32% - 30% - 13:27
3 - 30% - 22% - 12:49
4 - 4% - 13% - 1:54
PP Forward
1 - 49% - 60% - 4:25
2 - 51% - 40% - 4:33
PP Defense
1 - 65% - 60% - 5:49
2 - 35% - 40% - 3:09
PK Forward
1 - 92% - 60% - 3:50
2 - 8% - 40% - 0:20
PK Defense
1 - 46% - 60% - 1:55
2 - 54% - 40% - 2:15
PK3 Forward
1 - 83% - 60% - 1:29
2 - 17% - 40% - 0:18
PK3 Defense
1 - 66% - 60% - 1:11
2 - 34% - 40% - 0:36
44 Forward
1 - 100% - 60% - 2:11
2 - 0% - 40% - 0:00
44 Defense
1 - 39% - 60% - 0:51
2 - 61% - 40% - 1:20
Last Minute Offensive  - 0:25
Last Minute Defensive  - 0:00
Total
Forward - 60:00
Defense - 60:00

Play by Play

1st period


0:01 of 1st period - Brad Richards wins face-off versus Justin Abdelkader in neutral zone.
0:04 of 1st period - Alexei Emelin is hit by Dion Phaneuf and loses puck.
2:08 of 1st period - Luca Sbisa is hit by Nick Leddy and loses puck.
2:25 of 1st period - Snap shot by Alexandre Bolduc.
2:25 of 1st period - Stopped by Jhonas Enroth without a rebound.
2:26 of 1st period - Mike Angelidis wins face-off versus Brian Gionta in RedWings zone.
3:20 of 1st period - Matt Hendricks is hit by Zenon Konopka and loses puck.
3:27 of 1st period - Dion Phaneuf is hit by Bryan Bickell and loses puck.
3:44 of 1st period - Minor Penalty to Richard Panik for Roughing.
3:45 of 1st period - Brad Richards wins face-off versus Justin Abdelkader in Sharks zone.
3:50 of 1st period - Alexei Emelin is hit by Olli Jokinen.
3:54 of 1st period - Snap shot by Johnny Boychuk.
3:54 of 1st period - Deflect By Justin Abdelkader.
3:54 of 1st period - Stopped by Jonathan Quick with a rebound.
4:40 of 1st period - Minor Penalty to Johnny Boychuk for Roughing.
4:41 of 1st period - Brad Richards wins face-off versus Justin Abdelkader in RedWings zone.
5:02 of 1st period - Minor Penalty to Justin Abdelkader for High sticking.
5:03 of 1st period - Brad Richards wins face-off versus Beau Bennett in RedWings zone.
5:44 of 1st period - Penalty to Richard Panik is over, Richard Panik is back on ice.
6:03 of 1st period - Snap shot by Vincent Lecavalier.
6:03 of 1st period - Stopped by Jhonas Enroth without a rebound.
6:04 of 1st period - Olli Jokinen wins face-off versus Zenon Konopka in RedWings zone.
6:34 of 1st period - Jason Demers is hit by Luca Sbisa and loses puck.
6:40 of 1st period - Penalty to Johnny Boychuk is over, Johnny Boychuk is back on ice.
7:02 of 1st period - Penalty to Justin Abdelkader is over, Justin Abdelkader is back on ice.
7:08 of 1st period - David Moss is hit by Mike Weber and loses puck.
7:27 of 1st period - Alexei Emelin is hit by Jayson Megna and loses puck.
7:40 of 1st period - Wrist shot by Jayson Megna.
7:40 of 1st period - Shot Misses the Net.
7:42 of 1st period - Slapshot by Nicklas Grossmann.
7:42 of 1st period - Stopped by Jhonas Enroth with a rebound.
7:44 of 1st period - Slapshot by Nicklas Grossmann.
7:44 of 1st period - Shot Blocked by Bryan Bickell.
7:46 of 1st period - Snap shot by Jayson Megna.
7:46 of 1st period - Stopped by Jhonas Enroth without a rebound.
7:47 of 1st period - Bobby Farnham wins face-off versus Chris VandeVelde in RedWings zone.
7:50 of 1st period - Snap shot by Brian Gionta.
7:50 of 1st period - Shot Misses the Net.
7:52 of 1st period - Slapshot by Brian Gionta.
7:52 of 1st period - Stopped by Jhonas Enroth without a rebound.
7:53 of 1st period - Bobby Farnham wins face-off versus Chris VandeVelde in RedWings zone.
8:16 of 1st period - Slapshot by Brian Gionta.
8:16 of 1st period - Shot Misses the Net.
8:44 of 1st period - Snap shot by Richard Panik.
8:44 of 1st period - Shot Hit the Post.
8:46 of 1st period - Snap shot by Dion Phaneuf.
8:46 of 1st period - Shot Misses the Net.
8:48 of 1st period - Wrist shot by Nicklas Grossmann.
8:48 of 1st period - Stopped by Jhonas Enroth without a rebound.
8:49 of 1st period - Maxim Lapierre wins face-off versus Zenon Konopka in RedWings zone.
9:02 of 1st period - Wrist shot by Richard Panik.
9:02 of 1st period - Shot Misses the Net.
9:10 of 1st period - Wrist shot by Maxim Lapierre.
9:10 of 1st period - Stopped by Jhonas Enroth with a rebound.
9:12 of 1st period - Slapshot by Ian Cole.
9:12 of 1st period - Shot Blocked by Jason Demers.
9:44 of 1st period - Nicklas Grossmann is hit by Jannik Hansen and loses puck.
10:20 of 1st period - Snap shot by Alexei Emelin.
10:20 of 1st period - Stopped by Jonathan Quick without a rebound.
10:21 of 1st period - Olli Jokinen wins face-off versus Mike Angelidis in Sharks zone.
10:36 of 1st period - Snap shot by Curtis Glencross.
10:36 of 1st period - Stopped by Jhonas Enroth with a rebound.
11:07 of 1st period - Mark Fistric is hit by Alexei Emelin and loses puck.
11:16 of 1st period - Chris VandeVelde is hit by Maxim Lapierre and loses puck.
12:10 of 1st period - Bryan Bickell is hit by Vincent Lecavalier and loses puck.
12:32 of 1st period - Snap shot by Jason Demers.
12:32 of 1st period - Deflect By David Moss.
12:32 of 1st period - Stopped by Jonathan Quick with a rebound.
13:08 of 1st period - Wrist shot by Curtis Glencross.
13:08 of 1st period - Shot Blocked by Johnny Boychuk.
13:34 of 1st period - Slapshot by Dion Phaneuf.
13:34 of 1st period - Stopped by Jhonas Enroth with a rebound.
13:36 of 1st period - Snap shot by Jayson Megna.
13:36 of 1st period - Shot Misses the Net.
14:02 of 1st period - Chris VandeVelde is hit by Alexandre Bolduc and loses puck.
14:13 of 1st period - Mike Weber is hit by Zac Rinaldo and loses puck.
14:57 of 1st period - Jason Demers is hit by Mike Weber and loses puck.
15:37 of 1st period - Slapshot by Alexei Emelin.
15:37 of 1st period - Shot Blocked by Maxim Lapierre.
15:43 of 1st period - Slapshot by Ian Cole.
15:43 of 1st period - Shot Misses the Net.
15:51 of 1st period - David Moss is hit by Luca Sbisa.
16:23 of 1st period - Beau Bennett is hit by Olli Jokinen and loses puck.
17:03 of 1st period - Snap shot by Brian Gionta.
17:03 of 1st period - Deflect By Alexandre Bolduc.
17:03 of 1st period - Stopped by Jhonas Enroth with a rebound.
17:27 of 1st period - Wrist shot by Bryan Bickell.
17:27 of 1st period - Stopped by Jonathan Quick without a rebound.
17:28 of 1st period - Brad Richards wins face-off versus Zenon Konopka in Sharks zone.
17:39 of 1st period - Wrist shot by Vincent Lecavalier.
17:39 of 1st period - Shot Misses the Net.
17:41 of 1st period - Slapshot by Dion Phaneuf.
17:41 of 1st period - Stopped by Jhonas Enroth without a rebound.
17:42 of 1st period - Mike Angelidis wins face-off versus Brad Richards in RedWings zone.
18:37 of 1st period - Mark Fistric is hit by Jason Demers and loses puck.
19:02 of 1st period - Wrist shot by Justin Abdelkader.
19:02 of 1st period - Shot Blocked by Mark Fistric.
19:04 of 1st period - Slapshot by Justin Abdelkader.
19:04 of 1st period - Shot Misses the Net.
19:06 of 1st period - Slapshot by Johnny Boychuk.
19:06 of 1st period - Stopped by Jonathan Quick with a rebound.
19:21 of 1st period - Backhand shot by Damien Brunner.
19:21 of 1st period - Shot Misses the Net.
19:23 of 1st period - Slapshot by Johnny Boychuk.
19:23 of 1st period - Shot Blocked by Mike Weber.
19:25 of 1st period - Slapshot by Zenon Konopka.
19:25 of 1st period - Shot Misses the Net.
19:27 of 1st period - Slapshot by Johnny Boychuk.
19:27 of 1st period - Deflect By Bryan Bickell.
19:27 of 1st period - Stopped by Jonathan Quick without a rebound.
19:28 of 1st period - Olli Jokinen wins face-off versus Zenon Konopka in Sharks zone.
Goals for this period are 0 for Sharks vs 0 for RedWings.
Shots for this period are 11 for Sharks vs 6 for RedWings.

2nd period


0:01 of 2nd period - Brad Richards wins face-off versus Justin Abdelkader in neutral zone.
0:06 of 2nd period - Wrist shot by Dion Phaneuf.
0:06 of 2nd period - Deflect By Johnny Boychuk.
0:06 of 2nd period - Stopped by Jhonas Enroth with a rebound.
0:08 of 2nd period - Slapshot by Dion Phaneuf.
0:08 of 2nd period - Deflect By Brad Richards.
0:08 of 2nd period - Shot Misses the Net.
0:08 of 2nd period - Puck is out of play.
0:09 of 2nd period - Brad Richards wins face-off versus Justin Abdelkader in RedWings zone.
0:10 of 2nd period - Snap shot by Brian Gionta.
0:10 of 2nd period - Goal by Brian Gionta - Sharks : 1 - RedWings : 0.
0:11 of 2nd period - Justin Abdelkader wins face-off versus Brad Richards in neutral zone.
0:38 of 2nd period - Wrist shot by Jannik Hansen.
0:38 of 2nd period - Shot Blocked by Brian Gionta.
0:40 of 2nd period - Slapshot by Alexei Emelin.
0:40 of 2nd period - Stopped by Jonathan Quick with a rebound.
0:42 of 2nd period - Wrist shot by David Moss.
0:42 of 2nd period - Stopped by Jonathan Quick with a rebound.
0:44 of 2nd period - Slapshot by Justin Abdelkader.
0:44 of 2nd period - Shot Blocked by Dion Phaneuf.
0:46 of 2nd period - Slapshot by Alexei Emelin.
0:46 of 2nd period - Deflect By Justin Abdelkader.
0:46 of 2nd period - Shot Blocked by Dion Phaneuf.
0:46 of 2nd period - Puck is out of play.
0:47 of 2nd period - Olli Jokinen wins face-off versus Bryan Bickell in Sharks zone.
1:42 of 2nd period - Chris VandeVelde is hit by Mark Fistric and loses puck.
1:56 of 2nd period - Dion Phaneuf is hit by Zac Rinaldo and loses puck.
2:16 of 2nd period - Minor Penalty to Maxim Lapierre for Goalie Interference.
2:17 of 2nd period - Brad Richards wins face-off versus Justin Abdelkader in Sharks zone.
2:54 of 2nd period - Wrist shot by David Moss.
2:54 of 2nd period - Shot Misses the Net.
3:56 of 2nd period - Slapshot by Dion Phaneuf.
3:56 of 2nd period - Stopped by Jhonas Enroth with a rebound.
4:16 of 2nd period - Penalty to Maxim Lapierre is over, Maxim Lapierre is back on ice.
4:44 of 2nd period - Slapshot by Ian Cole.
4:44 of 2nd period - Stopped by Jhonas Enroth with a rebound.
4:46 of 2nd period - Slapshot by Jayson Megna.
4:46 of 2nd period - Goal by Jayson Megna - Sharks : 2 - RedWings : 0.
4:47 of 2nd period - Mike Angelidis wins face-off versus Bobby Farnham in neutral zone.
4:50 of 2nd period - Mark Fistric is hit by Paul Postma.
4:56 of 2nd period - Wrist shot by Jesse Joensuu.
4:56 of 2nd period - Stopped by Jonathan Quick with a rebound.
4:58 of 2nd period - Wrist shot by Paul Postma.
4:58 of 2nd period - Shot Misses the Net.
5:00 of 2nd period - Snap shot by Jesse Joensuu.
5:00 of 2nd period - Stopped by Jonathan Quick with a rebound.
5:02 of 2nd period - Wrist shot by Jesse Joensuu.
5:02 of 2nd period - Stopped by Jonathan Quick without a rebound.
5:03 of 2nd period - Mike Angelidis wins face-off versus Bobby Farnham in Sharks zone.
5:30 of 2nd period - Snap shot by Mike Weber.
5:30 of 2nd period - Stopped by Jhonas Enroth with a rebound.
5:50 of 2nd period - Mark Fistric is hit by Paul Postma and loses puck.
5:55 of 2nd period - Snap shot by Jannik Hansen.
5:55 of 2nd period - Shot Misses the Net.
5:57 of 2nd period - Wrist shot by John-Michael Liles.
5:57 of 2nd period - Stopped by Jonathan Quick without a rebound.
5:58 of 2nd period - Chris VandeVelde wins face-off versus Curtis Glencross in Sharks zone.
6:09 of 2nd period - John-Michael Liles is hit by Matt Hendricks and loses puck.
6:36 of 2nd period - Snap shot by Curtis Glencross.
6:36 of 2nd period - Stopped by Jhonas Enroth with a rebound.
7:16 of 2nd period - Snap shot by Jannik Hansen.
7:16 of 2nd period - Deflect By David Moss.
7:16 of 2nd period - Shot Misses the Net.
7:16 of 2nd period - Puck is out of play.
7:17 of 2nd period - Maxim Lapierre wins face-off versus Bryan Bickell in Sharks zone.
8:39 of 2nd period - Wrist shot by Beau Bennett.
8:39 of 2nd period - Stopped by Jonathan Quick with a rebound.
8:41 of 2nd period - Wrist shot by Jesse Joensuu.
8:41 of 2nd period - Shot Blocked by Luca Sbisa.
9:06 of 2nd period - Snap shot by Justin Abdelkader.
9:06 of 2nd period - Goal by Justin Abdelkader - Sharks : 2 - RedWings : 1.
9:07 of 2nd period - Brad Richards wins face-off versus David Moss in neutral zone.
10:21 of 2nd period - Minor Penalty to Maxim Lapierre for Holding.
10:22 of 2nd period - Brad Richards wins face-off versus Justin Abdelkader in Sharks zone.
10:27 of 2nd period - Minor Penalty to Justin Abdelkader for Hooking.
10:28 of 2nd period - Brad Richards wins face-off versus Devante Smith-Pelly in RedWings zone.
10:41 of 2nd period - Slapshot by John-Michael Liles.
10:41 of 2nd period - Shot Misses the Net.
10:43 of 2nd period - Slapshot by Jason Demers.
10:43 of 2nd period - Deflect By Devante Smith-Pelly.
10:43 of 2nd period - Stopped by Jonathan Quick with a rebound.
10:58 of 2nd period - John-Michael Liles is hit by Dion Phaneuf and loses puck.
11:23 of 2nd period - Brad Richards is hit by Zac Rinaldo and loses puck.
11:28 of 2nd period - Snap shot by Zac Rinaldo.
11:28 of 2nd period - Stopped by Jonathan Quick with a rebound.
11:50 of 2nd period - Slapshot by Johnny Boychuk.
11:50 of 2nd period - Stopped by Jonathan Quick without a rebound.
11:51 of 2nd period - Devante Smith-Pelly wins face-off versus Brad Richards in Sharks zone.
12:16 of 2nd period - Minor Penalty to Zac Rinaldo for High sticking.
12:17 of 2nd period - Brad Richards wins face-off versus Beau Bennett in RedWings zone.
12:21 of 2nd period - Penalty to Maxim Lapierre is over, Maxim Lapierre is back on ice.
12:27 of 2nd period - Penalty to Justin Abdelkader is over, Justin Abdelkader is back on ice.
13:01 of 2nd period - Mike Weber is hit by Johnny Boychuk.
13:09 of 2nd period - Nicklas Grossmann is hit by Alexei Emelin and loses puck.
13:50 of 2nd period - Slapshot by Dion Phaneuf.
13:50 of 2nd period - Stopped by Jhonas Enroth with a rebound.
13:52 of 2nd period - Slapshot by Matt Hendricks.
13:52 of 2nd period - Stopped by Jhonas Enroth with a rebound.
13:54 of 2nd period - Slapshot by Nicklas Grossmann.
13:54 of 2nd period - Shot Misses the Net.
14:16 of 2nd period - Penalty to Zac Rinaldo is over, Zac Rinaldo is back on ice.
14:36 of 2nd period - Mark Fistric is hit by Zac Rinaldo and loses puck.
14:47 of 2nd period - Slapshot by Mike Weber.
14:47 of 2nd period - Shot Misses the Net.
15:01 of 2nd period - Snap shot by Devante Smith-Pelly.
15:01 of 2nd period - Shot Blocked by Ian Cole.
15:03 of 2nd period - Slapshot by Paul Postma.
15:03 of 2nd period - Shot Blocked by Maxim Lapierre.
15:05 of 2nd period - Slapshot by Paul Postma.
15:05 of 2nd period - Deflect By Devante Smith-Pelly.
15:05 of 2nd period - Shot Blocked by Richard Panik.
15:05 of 2nd period - Puck is out of play.
15:06 of 2nd period - Chris VandeVelde wins face-off versus Maxim Lapierre in Sharks zone.
15:09 of 2nd period - Slapshot by Nick Leddy.
15:09 of 2nd period - Shot Blocked by Mike Weber.
15:11 of 2nd period - Snap shot by Chris VandeVelde.
15:11 of 2nd period - Stopped by Jonathan Quick without a rebound.
15:12 of 2nd period - Chris VandeVelde wins face-off versus Maxim Lapierre in Sharks zone.
15:23 of 2nd period - Slapshot by Zac Rinaldo.
15:23 of 2nd period - Stopped by Jonathan Quick with a rebound.
15:25 of 2nd period - Slapshot by Paul Postma.
15:25 of 2nd period - Deflect By Devante Smith-Pelly.
15:25 of 2nd period - Shot Misses the Net.
15:25 of 2nd period - Puck is out of play.
15:26 of 2nd period - Olli Jokinen wins face-off versus Zenon Konopka in Sharks zone.
15:41 of 2nd period - Slapshot by Curtis Glencross.
15:41 of 2nd period - Shot Hit the Post.
15:43 of 2nd period - Snap shot by Mike Weber.
15:43 of 2nd period - Shot Blocked by Damien Brunner.
15:45 of 2nd period - Wrist shot by Mike Weber.
15:45 of 2nd period - Shot Misses the Net.
15:49 of 2nd period - Wrist shot by Olli Jokinen.
15:49 of 2nd period - Stopped by Jhonas Enroth with a rebound.
15:51 of 2nd period - Snap shot by Curtis Glencross.
15:51 of 2nd period - Goal by Curtis Glencross - Sharks : 3 - RedWings : 1.
15:52 of 2nd period - Maxim Lapierre wins face-off versus Mike Angelidis in neutral zone.
15:59 of 2nd period - Snap shot by Richard Panik.
15:59 of 2nd period - Stopped by Jhonas Enroth without a rebound.
16:00 of 2nd period - Mike Angelidis wins face-off versus Maxim Lapierre in RedWings zone.
16:25 of 2nd period - Alexei Emelin is hit by Richard Panik and loses puck.
17:45 of 2nd period - Matt Hendricks is hit by John-Michael Liles and loses puck.
18:15 of 2nd period - Damien Brunner is hit by Mike Weber and loses puck.
18:28 of 2nd period - Nick Leddy is hit by Mark Fistric and loses puck.
18:33 of 2nd period - Slapshot by Dion Phaneuf.
18:33 of 2nd period - Stopped by Jhonas Enroth without a rebound.
18:34 of 2nd period - Chris VandeVelde wins face-off versus Bobby Farnham in RedWings zone.
18:45 of 2nd period - Brian Gionta is hit by Zac Rinaldo and loses puck.
19:06 of 2nd period - Nicklas Grossmann is hit by Zac Rinaldo and loses puck.
19:35 of 2nd period - Snap shot by Luca Sbisa.
19:35 of 2nd period - Shot Misses the Net.
19:45 of 2nd period - Slapshot by Nick Leddy.
19:45 of 2nd period - Stopped by Jonathan Quick with a rebound.
19:47 of 2nd period - Wrist shot by Beau Bennett.
19:47 of 2nd period - Stopped by Jonathan Quick with a rebound.
Goals for this period are 3 for Sharks vs 1 for RedWings.
Shots for this period are 13 for Sharks vs 15 for RedWings.

3rd period


0:01 of 3rd period - Brad Richards wins face-off versus Zenon Konopka in neutral zone.
1:14 of 3rd period - Minor Penalty to Nicklas Grossmann for Holding Stick.
1:15 of 3rd period - David Moss wins face-off versus Brad Richards in Sharks zone.
1:37 of 3rd period - Snap shot by David Moss.
1:37 of 3rd period - Stopped by Jonathan Quick without a rebound.
1:38 of 3rd period - Brad Richards wins face-off versus Zenon Konopka in Sharks zone.
2:03 of 3rd period - Snap shot by Damien Brunner.
2:03 of 3rd period - Stopped by Jonathan Quick without a rebound.
2:04 of 3rd period - Justin Abdelkader wins face-off versus Brad Richards in Sharks zone.
2:21 of 3rd period - Brad Richards is hit by Justin Abdelkader and loses puck.
2:26 of 3rd period - Snap shot by Jannik Hansen.
2:26 of 3rd period - Shot Misses the Net.
2:28 of 3rd period - Wrist shot by Justin Abdelkader.
2:28 of 3rd period - Stopped by Jonathan Quick without a rebound.
2:29 of 3rd period - Zenon Konopka wins face-off versus Brad Richards in Sharks zone.
3:14 of 3rd period - Penalty to Nicklas Grossmann is over, Nicklas Grossmann is back on ice.
3:30 of 3rd period - Slapshot by Nick Leddy.
3:30 of 3rd period - Shot Blocked by Mark Fistric.
3:32 of 3rd period - Wrist shot by Zac Rinaldo.
3:32 of 3rd period - Shot Blocked by Nicklas Grossmann.
3:32 of 3rd period - Nicklas Grossmann from Sharks is injured at 3:32 of 3rd period (Strained Right Elbow).
3:33 of 3rd period - Brad Richards wins face-off versus Justin Abdelkader in Sharks zone.
4:22 of 3rd period - Minor Penalty to Matt Hendricks for Hooking.
4:23 of 3rd period - Brad Richards wins face-off versus Zenon Konopka in Sharks zone.
4:36 of 3rd period - Snap shot by Damien Brunner.
4:36 of 3rd period - Stopped by Jonathan Quick without a rebound.
4:37 of 3rd period - Brad Richards wins face-off versus Bryan Bickell in Sharks zone.
5:01 of 3rd period - Jason Demers is hit by Dion Phaneuf and loses puck.
5:54 of 3rd period - Slapshot by Johnny Boychuk.
5:54 of 3rd period - Deflect By Damien Brunner.
5:54 of 3rd period - Shot Blocked by Luca Sbisa.
5:54 of 3rd period - Puck is out of play.
5:55 of 3rd period - Zenon Konopka wins face-off versus Vincent Lecavalier in Sharks zone.
6:22 of 3rd period - Penalty to Matt Hendricks is over, Matt Hendricks is back on ice.
6:32 of 3rd period - Alexei Emelin is hit by Mark Fistric and loses puck.
6:58 of 3rd period - Snap shot by Devante Smith-Pelly.
6:58 of 3rd period - Shot Misses the Net.
7:00 of 3rd period - Slapshot by John-Michael Liles.
7:00 of 3rd period - Shot Misses the Net.
7:02 of 3rd period - Wrist shot by Devante Smith-Pelly.
7:02 of 3rd period - Shot Misses the Net.
7:04 of 3rd period - Snap shot by Chris VandeVelde.
7:04 of 3rd period - RedWings goal is going for a video replay.
7:04 of 3rd period - The goal is good.
7:04 of 3rd period - Goal by Chris VandeVelde - Sharks : 3 - RedWings : 2.
7:05 of 3rd period - Maxim Lapierre wins face-off versus Mike Angelidis in neutral zone.
7:12 of 3rd period - Minor Penalty to Maxim Lapierre for Hooking.
7:13 of 3rd period - Zenon Konopka wins face-off versus Brad Richards in Sharks zone.
7:43 of 3rd period - Snap shot by Damien Brunner.
7:43 of 3rd period - Stopped by Jonathan Quick with a rebound.
7:59 of 3rd period - Justin Abdelkader is hit by Luca Sbisa and loses puck.
8:41 of 3rd period - Icing by John-Michael Liles.
8:42 of 3rd period - Zenon Konopka wins face-off versus Brian Gionta in RedWings zone.
9:12 of 3rd period - Penalty to Maxim Lapierre is over, Maxim Lapierre is back on ice.
9:36 of 3rd period - Slapshot by Alexei Emelin.
9:36 of 3rd period - Shot Misses the Net.
9:38 of 3rd period - Slapshot by Johnny Boychuk.
9:38 of 3rd period - Stopped by Jonathan Quick with a rebound.
9:40 of 3rd period - Slapshot by Johnny Boychuk.
9:40 of 3rd period - Deflect By Zac Rinaldo.
9:40 of 3rd period - Stopped by Jonathan Quick with a rebound.
9:42 of 3rd period - Wrist shot by Chris VandeVelde.
9:42 of 3rd period - Shot Misses the Net.
9:44 of 3rd period - Snap shot by Johnny Boychuk.
9:44 of 3rd period - Shot Misses the Net.
9:46 of 3rd period - Slapshot by Paul Postma.
9:46 of 3rd period - Deflect By Chris VandeVelde.
9:46 of 3rd period - Shot Misses the Net.
9:46 of 3rd period - Puck is out of play.
9:47 of 3rd period - Bobby Farnham wins face-off versus Mike Angelidis in Sharks zone.
9:47 of 3rd period - Bobby Farnham is hit by Mike Angelidis.
9:54 of 3rd period - Minor Penalty to Mike Angelidis for Slashing.
9:55 of 3rd period - Maxim Lapierre wins face-off versus Justin Abdelkader in RedWings zone.
10:30 of 3rd period - John-Michael Liles is hit by Brian Gionta and loses puck.
11:37 of 3rd period - Wrist shot by Jesse Joensuu.
11:37 of 3rd period - Shot Misses the Net.
11:43 of 3rd period - Johnny Boychuk is hit by Maxim Lapierre and loses puck.
11:54 of 3rd period - Penalty to Mike Angelidis is over, Mike Angelidis is back on ice.
11:56 of 3rd period - David Moss is hit by Dion Phaneuf and loses puck.
12:40 of 3rd period - Snap shot by Damien Brunner.
12:40 of 3rd period - Shot Misses the Net.
12:46 of 3rd period - Damien Brunner is hit by Richard Panik and loses puck.
13:13 of 3rd period - Paul Postma is hit by Mike Weber and loses puck.
13:22 of 3rd period - Zac Rinaldo is hit by Mark Fistric and loses puck.
13:33 of 3rd period - Richard Panik is hit by Devante Smith-Pelly and loses puck.
13:40 of 3rd period - Slapshot by Dion Phaneuf.
13:40 of 3rd period - Shot Misses the Net.
13:42 of 3rd period - Slapshot by Dion Phaneuf.
13:42 of 3rd period - Stopped by Jhonas Enroth with a rebound.
13:44 of 3rd period - Slapshot by Dion Phaneuf.
13:44 of 3rd period - Stopped by Jhonas Enroth with a rebound.
13:46 of 3rd period - Slapshot by Mark Fistric.
13:46 of 3rd period - Shot Misses the Net.
14:24 of 3rd period - Wrist shot by Jesse Joensuu.
14:24 of 3rd period - Shot Misses the Net.
14:26 of 3rd period - Slapshot by Jason Demers.
14:26 of 3rd period - Shot Misses the Net.
15:49 of 3rd period - Jesse Joensuu is hit by Luca Sbisa and loses puck.
16:10 of 3rd period - Wrist shot by Brad Richards.
16:10 of 3rd period - Stopped by Jhonas Enroth with a rebound.
17:05 of 3rd period - Luca Sbisa is hit by Devante Smith-Pelly and loses puck.
17:58 of 3rd period - Mike Weber is hit by Johnny Boychuk and loses puck.
18:07 of 3rd period - Snap shot by Justin Abdelkader.
18:07 of 3rd period - Shot Misses the Net.
18:09 of 3rd period - Slapshot by Alexei Emelin.
18:09 of 3rd period - Deflect By Jannik Hansen.
18:09 of 3rd period - Stopped by Jonathan Quick without a rebound.
18:10 of 3rd period - Maxim Lapierre wins face-off versus Justin Abdelkader in Sharks zone.
18:17 of 3rd period - Slapshot by Mike Weber.
18:17 of 3rd period - Stopped by Jhonas Enroth with a rebound.
18:19 of 3rd period - Slapshot by Luca Sbisa.
18:19 of 3rd period - Shot Misses the Net.
18:21 of 3rd period - Slapshot by Luca Sbisa.
18:21 of 3rd period - Deflect By Maxim Lapierre.
18:21 of 3rd period - Shot Blocked by Johnny Boychuk.
18:21 of 3rd period - Puck is out of play.
18:22 of 3rd period - Maxim Lapierre wins face-off versus Mike Angelidis in RedWings zone.
18:39 of 3rd period - Dion Phaneuf is hit by Johnny Boychuk and loses puck.
19:05 of 3rd period - RedWings, Jhonas Enroth is pulled from the net.
Goals for this period are 0 for Sharks vs 1 for RedWings.
Shots for this period are 4 for Sharks vs 9 for RedWings.


Output by the SimonT Hockey Simulator (STHS) for Eric Dolegowski -- Original Page W3C XHTML 1.0 Valid
Hockey Simulator - Hockey Simulation - Hockey Manager